 Dungeon Crawl Stone Soup version 0.21-a0-286-g6fcecc0 (webtiles) character file.

960 KristoblXynda the Charlatan (level 7, -4/52 HPs)
             Began as a White Draconian Artificer on Sept 27, 2017.
             Was an Initiate of Ashenzari.
             Killed by divine providence
             ... invoked by an orc priest
              (14 damage)
             ... on level 5 of the Dungeon.
             The game lasted 00:11:36 (5607 turns).

KristoblXynda the Charlatan (DrAr)                  Turns: 5607, Time: 00:11:37

Health: -4/52      AC: 10    Str: 16    XL:     7   Next: 92%
Magic:  11/11      EV: 16    Int: 14    God:    Ashenzari [......]
Gold:   121        SH:  0    Dex: 11    Spells: 6/6 levels left

rFire    . . .     SeeInvis .   t - +2 dagger
rCold    + . .     Gourm    .   (no shield)
rNeg     . . .     Faith    .   (armour unavailable)
rPois    .         Spirit   .   (helmet restricted)
rElec    .         Reflect  .   r - +1 cloak
rCorr    .         Harm     .   (no gloves)
MR       .....                  D - +1 pair of boots {run} (curse)
Stlth    ++........             (no amulet)
HPRegen  0.17/turn              a - +2 ring of evasion
MPRegen  0.12/turn              v - +2 ring of strength

@: quick
A: breathe frost, unfitting armour, cold resistance 1, cold-blooded, AC +6
a: Breathe Frost, Curse Item, Renounce Religion


You were on level 5 of the Dungeon.
You worshipped Ashenzari.
Ashenzari was noncommittal.
You were hungry.

You visited 1 branch of the dungeon, and saw 5 of its levels.

You collected 241 gold pieces.
You spent 120 gold pieces at shops.

Inventory:

Hand Weapons
 t - a +2 dagger (weapon)
Missiles
 q - 4 throwing nets (quivered)
Armour
 r - a +1 cloak (worn)
 D - a cursed +1 pair of boots of running (worn)
Jewellery
 a - a +2 ring of evasion (left hand)
 m - an uncursed ring of resist corrosion
 v - a +2 ring of strength (right hand)
Wands
 b - a wand of flame (26/48)
 c - a wand of enslavement (14/24)
 d - a wand of random effects (5/48)
 h - a wand of acid (0/15)
 p - a wand of disintegration (6/24)
Scrolls
 n - a scroll of recharging
 o - 2 scrolls of teleportation
 s - 2 scrolls of magic mapping
 B - a scroll of fog
 C - a scroll of immolation
Potions
 e - 2 potions of curing
 i - a potion of magic
 k - 2 potions of invisibility
 l - 2 potions of agility {unknown}
 u - a potion of brilliance
 w - a potion of heal wounds
 x - 3 potions of lignification
 A - 2 potions of mutation
Comestibles
 f - 5 bread rations
 g - a fruit
 z - 2 meat rations


   Skills:
 - Level 1.1 Fighting
 + Level 5.0 Short Blades
 - Level 5.0 Dodging
 + Level 1.9 Stealth
 + Level 6.0 Evocations


You had 6 spell levels left.
You didn't know any spells.

Dungeon Overview and Level Annotations

Branches:
Dungeon (5/15)
 Temple: D:4-7

Altars:
Ashenzari
Cheibriados
Nemelex Xobeh
Okawaru
Trog

Shops:
D:4 !


Innate Abilities, Weirdness & Mutations

You can breathe waves of freezing cold.
You can buffet flying creatures when you breathe cold.
Your icy white scales are hard. (AC +6)
You cannot fit into any form of body armour.
Your flesh is cold resistant. (rC+)
You are cold-blooded and may be slowed by cold attacks.


Message History

The shadow imp is moderately wounded.
The shadow imp gestures at you.
You struggle to resist.
The shadow imp gestures at you. Pain shoots through your body!
That item cannot be evoked!
Evoke which item? (* to show all) (? for menu, Esc to quit)
Aiming: Random Effects
Press: ? - help, Shift-Dir - straight line, f - orc priest
Aim: an orc priest, wielding a hand axe of chopping The bolt of poison misses the orc priest.
This wand has 5 charges left.
The shadow imp closely misses you.
An orc wizard comes into view. It is wielding a dagger.
The shadow imp hits you but does no damage.
The orc priest invokes the aid of Beogh against you.
Beogh smites you!
* * * LOW HITPOINT WARNING * * *
The orc priest invokes the aid of Beogh against you.
Beogh smites you!
You die...

###########
#######..o...o...
#....@.5W........
#.######..o..#...
#.# ####### . #.#
#.########
#........#
##.#..##...#
###......#....h#
#....#...#.......


You could see a phantom, an orc priest, a shadow imp and an orc.

Vanquished Creatures
  Eustachio (D:4)
  Purgy (D:3)
  A phantom (D:4)
  An ogre (D:4)
  A water moccasin zombie (D:5)
  A scorpion (D:4)
  A bullfrog zombie (D:5)
  A gnoll shaman (D:4)
  3 hounds
  A bullfrog skeleton (D:5)
  Terence (D:3)
  An iguana (D:5)
  2 worker ants (D:3)
  A howler monkey zombie (D:2)
  4 adders
  6 gnolls (D:4)
  A worm (D:2)
  2 dart slugs (D:1)
  2 leopard geckos
  4 orcs
  5 bats
  6 giant cockroaches
  4 hobgoblins
  11 jackals
  5 kobolds (D:1)
  2 quokkas
  3 frilled lizards
  2 goblins (D:3)
  A jackal skeleton (D:4)
  A quokka skeleton (D:4)
  5 rats
81 creatures vanquished.

Notes
Turn   | Place    | Note
-------+----------+-------------------------------------------
     0 | D:1      | KristoblXynda the Draconian Artificer began the quest for the Orb.
     0 | D:1      | Reached XP level 1. HP: 16/16 MP: 3/3
   139 | D:1      | Reached XP level 2. HP: 22/23 MP: 4/4
   339 | D:1      | Found an iron altar of Okawaru.
   918 | D:2      | Reached XP level 3. HP: 25/28 MP: 5/5
  1254 | D:2      | Found a bloodstained altar of Trog.
  1838 | D:2      | Reached XP level 4. HP: 5/35 MP: 6/6
  1844 | D:2      | Found a snail-covered altar of Cheibriados.
  2813 | D:3      | Noticed Terence
  2869 | D:3      | Killed Terence
  3083 | D:3      | Noticed Purgy
  3403 | D:3      | Killed Purgy
  3403 | D:3      | Reached skill level 4 in Evocations
  3403 | D:3      | Reached XP level 5. HP: 40/40 MP: 6/8
  3412 | D:4      | Noticed a phantom
  4114 | D:4      | Killed a phantom
  4114 | D:4      | Reached XP level 6. HP: 46/47 MP: 9/9
  4179 | D:4      | Noticed Eustachio
  4184 | D:4      | Killed Eustachio
  4184 | D:4      | Reached skill level 5 in Evocations
  4184 | D:4      | Your scales start taking on an icy white colour.
  4184 | D:4      | Reached XP level 7. HP: 46/52 MP: 10/10
  4184 | D:4      | Gained mutation: Your flesh is cold resistant. (rC+) [White Draconian growth]
  4192 | D:4      | Found a sparkling altar of Nemelex Xobeh.
  4689 | D:4      | Found Zuoki's Distillery.
  4692 | D:4      | Bought a potion of mutation for 80 gold pieces
  4692 | D:4      | Bought a potion of brilliance for 40 gold pieces
  5102 | D:5      | Entered Level 5 of the Dungeon
  5185 | D:5      | Reached skill level 5 in Dodging
  5217 | D:5      | Reached skill level 1 in Stealth
  5424 | D:5      | Identified a +1 pair of boots of running (You found it on level 5 of the Dungeon)
  5549 | D:5      | Found a shattered altar of Ashenzari.
  5552 | D:5      | Reached skill level 5 in Short Blades
  5556 | D:5      | Became a worshipper of Ashenzari the Shackled
  5582 | D:5      | Reached skill level 6 in Evocations
  5607 | D:5      | Killed from afar by an orc priest

Vault maps used:
D:1:      nzn_arrival_water_spiral, okawaru_ov_weapons_minmay
D:2:      cheibriados_altar_1, lemuel_round_altar, first_bread
D:3:      uniq_purgy, uniq_terence
D:4:      lemuel_round_altar, serial_shops, kennysheep_mini, uniq_eustachio
D:5:      kennysheep_ying_yang, evilmike_ruin_ashenzari, uniq_pikel

Skill      XL: |  1  2  3  4  5  6  7 |
---------------+----------------------+-----
Dodging        | 2 3 4 5 |  5.0
Short Blades   | 2 3 4 5 |  5.0
Evocations     | 4 5 6 |  6.0
Stealth        | 1 |  1.9
Fighting       | |  1.1

Action                   |  1- 3 |  4- 6 |  7- 9 || total
-------------------------+-------+-------+-------++-------
Melee: Short sword       |    94 |       |       ||    94
       Tailslap          |    11 |    12 |    22 ||    45
       Dagger            |    83 |   157 |   176 ||   416
Invok: Curse Item        |       |       |     1 ||     1
Evoke: Wand              |     7 |    23 |     5 ||    35
  Use: Potion            |     4 |     1 |       ||     5
       Scroll            |     2 |    12 |     3 ||    17
 Stab: Sleeping          |     1 |       |     1 ||     2
  Eat: Chunk             |     2 |     6 |     2 ||    10
       Royal jelly       |       |     1 |       ||     1
       Fruit             |       |     1 |     2 ||     3
Armor: Skin              |    45 |    24 |    42 ||   111
Dodge: Dodged            |   121 |    96 |   130 ||   347

Table legend:
 A = Spawn XP
 B = Non-spawn XP
 C = Spawn XP percentage of total XP
 D = Spawn monster count
 E = Non-spawn monster count
 F = Spawn count percentage of total count
 G = Total turns spent on level
                    A         B        C        D         E        F      G
               +---------+---------+-------+---------+---------+-------+---------
         Total |       0 |    1372 |   0.0 |       0 |      81 |   0.0 |  5607
               +---------+---------+-------+---------+---------+-------+---------
           D:1 |       0 |      40 |   0.0 |       0 |      21 |   0.0 |   885
           D:2 |       0 |      67 |   0.0 |       0 |      15 |   0.0 |  1691
           D:3 |       0 |     255 |   0.0 |       0 |      14 |   0.0 |  1464
           D:4 |       0 |     703 |   0.0 |       0 |      18 |   0.0 |  1094
           D:5 |       0 |     307 |   0.0 |       0 |      13 |   0.0 |   473
               +---------+---------+-------+---------+---------+-------+---------
